[Event "Stay Safe Play From Home 259"]
[Site "Emanuel Lasker Arena"]
[Date "2020.06.28"]
[Round "4"]
[White "Trotsky"]
[Black "Justwatch"]
[Result "1-0"]
[WhiteElo "1551"]
[BlackElo "1785"]
[Annotator "NA RC"]
[PlyCount "25"]
[EventDate "2020.06.28"]
[EventType "swiss (blitz)"]
[TimeControl "60"]

1. d4 Nf6 2. e3 d6 3. c4 g6 4. Nc3 Bg7 5. Bd3 O-O 6. Qc2 Nc6 7. Nf3 e6 8. a3 b6 9. Ng5 a6 10. h4 Ne7 11. h5 Nf5 12. g4 Ne7 {[%emt 0:00:01] Justwatch terk eder} 13. hxg6 {[%emt 0:00:02] (Lag: Av=0.44s, max=0.6s)} 1-0